 Dungeon Crawl Stone Soup version 0.30-a0-137-gd8773701ce (webtiles) character file.

Game seed: 7923013362660406492

17341 testman the Basher (level 12, -2/130 HPs)
             Began as a Troll Berserker on Sept 22, 2022.
             Was an Elder of Trog.
             Killed from afar by a hell knight (24 damage)
             ... with a bolt of fire
             ... on level 13 of the Dungeon.
             The game lasted 00:49:44 (11005 turns).

testman the Basher (Troll Berserker)               Turns: 11005, Time: 00:49:46

Health: -2/130     AC: 12    Str: 32    XL:     12   Next: 18%
Magic:  11/11      EV:  9    Int:  3    God:    Trog [****..]
Gold:   1001       SH:  0    Dex:  9    Spells: 11/11 levels left

rFire   . . .      SeeInvis +    l - +2 giant spiked club (freeze)
rCold   . . .      Faith    .    (shield currently unavailable)
rNeg    . . .      Spirit   .    j - +1 acid dragon scales
rPois   .          Reflect  .    (helmet restricted)
rElec   .          Harm     .    A - +2 cloak
rCorr   +          Rampage  .    (gloves unavailable)
Will    .....                    (boots unavailable)
Stlth   +.........               x - amulet of magic regeneration
HPRegen 1.11/turn                b - ring of see invisible
MPRegen 0.52/turn                (no ring)

@: lethally poisoned (-2 -> -2), on berserk cooldown, flying, slowed, very slow
A: large, unfitting armour, claws 3, regeneration 1, shaggy fur 1, tough skin 1
a: Renounce Religion, Berserk, Trog's Hand, Brothers in Arms


You were on level 13 of the Dungeon.
You worshipped Trog.
Trog was greatly pleased with you.
You visited 1 branch of the dungeon, and saw 13 of its levels.

You collected 1241 gold pieces.
You spent 240 gold pieces at shops.

Inventory:

Hand Weapons
 l - a +2 giant spiked club of freezing (weapon)
 m - a +2 flail of holy wrath
Missiles
 u - a curare-tipped dart
 w - 19 poisoned darts (quivered)
 y - 9 boomerangs
 z - 4 javelins
 D - 2 atropa-tipped darts
 F - 7 silver boomerangs
 J - a boomerang of dispersal
 L - 4 throwing nets
 P - 3 large rocks
Armour
 j - +1 acid dragon scales (worn)
 A - a +2 cloak (worn)
Jewellery
 b - a ring of see invisible (left claw)
 x - an amulet of magic regeneration (around neck)
Wands
 r - a wand of flame (15)
 s - a wand of charming (14)
 v - a wand of roots (21)
 B - a wand of polymorph (5)
 E - a wand of digging (6)
Scrolls
 c - 3 scrolls of blinking
 d - 5 scrolls of teleportation
 e - 6 scrolls of magic mapping
 f - 2 scrolls of torment
 h - 11 scrolls of immolation
 k - 2 scrolls of fear
 o - a scroll of summoning {unknown}
 q - 2 scrolls of poison {unknown}
 G - 2 scrolls of fog {unknown}
 I - 2 scrolls of silence
 O - 2 scrolls of vulnerability
Potions
 a - 5 potions of mutation
 g - 4 potions of attraction
 i - 3 potions of curing
 n - 2 potions of lignification
 p - 3 potions of brilliance
 C - a potion of resistance
 K - 2 potions of flight
 M - a potion of ambrosia {unknown}
 N - 2 potions of haste
 Q - a potion of degeneration {unknown}
Miscellaneous
 H - a piece from Xom's chessboard (15/15)


   Skills:
 + Level 11.0 Fighting
 + Level 12.0 Maces & Flails
 + Level 8.5 Throwing
 - Level 2.4 Dodging


You had 11 spell levels left.
You didn't know any spells.
Your spell library was empty.

Dungeon Overview and Level Annotations

Branches:
Dungeon (13/15)            Temple (0/1) D:5            Lair (0/5) D:9
    Orc (0/2) D:11
 Vaults: D:13-14

Altars:
Elyvilon
Gozag
Nemelex Xobeh
Okawaru
Qazlal
Uskayaw
Xom
The Shining One

Shops:
D:9 ?


Innate Abilities, Weirdness & Mutations

You are too large for most types of armour.
You have claws for hands.
Your natural rate of healing is unusually fast.
You are covered in fur. (AC +1)
You have tough skin. (AC +1)


Message History

You crush the hell hound like a grape!!!
You freeze the hell hound.
You kill the hell hound!
Trog accepts your kill.
You impale the hell knight!! You freeze the hell knight!
The hell knight is heavily wounded.
You hear a shout!
The hell knight mumbles some strange prayers to its god against you.
The bolt of fire misses the hell knight.
The bolt of fire hits you.
A hell knight comes into view. It is wielding a +2 demon whip.
Found an escape hatch in the ceiling.
The hell knight hits you with a +4 scimitar of flaming!
The hell knight burns you.
The hell knight hits you with a +5 demon blade of flaming!
The hell knight burns you.
The necromancer hits you but does no damage.
You are poisoned.
You see here a hell hound corpse.
You closely miss the hell knight.
The hell knight is heavily wounded.
You feel sick.
The hell knight hits you with a +4 scimitar of flaming!
The hell knight burns you.
The hell knight hits you with a +5 demon blade of flaming!!
The hell knight burns you.
The hell knight hits you with a +4 scimitar of flaming!
The hell knight burns you.
You feel sick.
The hell knight hits you with a +5 demon blade of flaming!!
* * * LOW HITPOINT WARNING * * *
The hell knight burns you.
* * * LOW HITPOINT WARNING * * *
You feel a strong urge to attack something.
You are no longer berserk.
You are exhausted.
You feel yourself slow down.
You feel sick.
The hell knight calls down the wrath of its god upon you.
The bolt of fire hits you!!
You die...

#################
#............[..# #######
#.#############.# .......
#.#...@§§§....#.# .......
#.#.###≈≈§###.#.# .......
#)#.#ppp.§..#.#.##
......##.≈.#.#####.#.#..#
#.....≈.#p .#.#..#
#.....§.#< #.#..#
#.....≈.#. #.#..#
#.....≈†#. #.#[.#
####..#.#. #.#..#


You could see a hell knight (fast).

Vanquished Creatures
  Frances (D:12)
  A slime creature (D:12)
  A centaur warrior (D:13)
  3 two-headed ogres
  3 boulder beetles
  A hell knight (D:13)
  Lodul (D:11)
  Pikel (D:4)
  An ugly thing (D:12)
  A cyclops (D:12)
  A gargoyle (D:11)
  2 trolls
  2 hornets
  2 wyverns
  6 yaks (D:11)
  A vampire (D:10)
  A steam dragon (D:4)
  4 vampire mosquitoes
  2 acid dragons (D:10)
  7 hell hounds (D:13)
  3 water moccasins
  4 orc warriors
  A sky beast (D:8)
  11 ogres
  8 centaurs
  A phantom (D:4)
  5 kobold brigands
  3 necrophages
  A bullfrog (D:7)
  4 scorpions
  7 wights
  7 killer bees
  An electric eel (D:11)
  4 howler monkeys
  3 jellies (D:6)
  5 orc priests
  A gnoll bouda (D:9)
  8 hounds
  5 iguanas
  7 orc wizards
  Terence (D:2)
  7 gnolls
  7 adders
  2 shadow imps
  4 white imps
  An ufetubus (D:5)
  A worm (D:4)
  A dart slug (D:5)
  62 orcs
  3 endoplasms
  6 giant cockroaches
  6 goblins
  7 hobgoblins
  10 jackals
  3 quokkas
  7 ball pythons
  7 bats
  2 frilled lizards (D:1)
  20 kobolds
  6 rats
294 creatures vanquished.

Vanquished Creatures (others)
  A withered plant (D:2)
1 creature vanquished.

Grand Total: 295 creatures vanquished

Notes
Turn   | Place    | Note
-------+----------+-------------------------------------------
     0 | D:1      | testman the Troll Berserker began the quest for the Orb.
     0 | D:1      | Reached XP level 1. HP: 22/22 MP: 0/0
    90 | D:1      | Reached skill level 3 in Maces & Flails
   101 | D:1      | Reached XP level 2. HP: 29/29 MP: 1/1
   347 | D:1      | Reached ** piety under Trog
   495 | D:1      | Reached XP level 3. HP: 37/37 MP: 2/2
   580 | D:2      | Found a faded altar of an unknown god.
   753 | D:2      | Reached XP level 4. HP: 45/45 MP: 3/3
   813 | D:2      | Found a white marble altar of Elyvilon.
   813 | D:2      | Noticed Terence
   825 | D:2      | Killed Terence
  1018 | D:2      | Identified the +6 rapier "Giantbane" {freeze, +Blink}
  1629 | D:3      | Reached skill level 4 in Maces & Flails
  1719 | D:3      | Found a hide-covered altar of Uskayaw.
  1719 | D:3      | Found a glowing golden altar of the Shining One.
  2100 | D:4      | Reached XP level 5. HP: 46/54 MP: 4/4
  2263 | D:4      | Reached XP level 6. HP: 63/63 MP: 5/5
  2271 | D:4      | Noticed a steam dragon
  2280 | D:4      | Killed a steam dragon
  2281 | D:4      | Reached skill level 5 in Maces & Flails
  2423 | D:4      | Reached skill level 5 in Fighting
  2423 | D:4      | Reached XP level 7. HP: 71/72 MP: 6/6
  2979 | D:4      | Reached skill level 6 in Maces & Flails
  3106 | D:5      | Entered Level 5 of the Dungeon
  3106 | D:5      | Noticed Pikel
  3112 | D:4      | Killed Pikel
  3113 | D:4      | Reached XP level 8. HP: 83/83 MP: 7/7
  3169 | D:5      | Reached *** piety under Trog
  3209 | D:5      | Reached skill level 7 in Maces & Flails
  3331 | D:5      | Found a staircase to the Ecumenical Temple.
  3353 | D:5      | You fall into a shaft and drop 3 floors!
  3429 | D:7      | HP: 4/84 [poisoned by a water moccasin]
  3605 | D:7      | Found a shimmering altar of Xom.
  3667 | D:7      | Reached skill level 8 in Maces & Flails
  3769 | D:7      | Reached XP level 9. HP: 31/88 MP: 8/8
  4695 | D:5      | Reached skill level 1 in Throwing
  5280 | D:6      | Found a stormy altar of Qazlal.
  5281 | D:6      | Found an iron altar of Okawaru.
  5819 | D:6      | Reached skill level 9 in Maces & Flails
  5997 | D:7      | Paralysed by a hornet for 3 turns
  6679 | D:8      | Reached XP level 10. HP: 94/106 MP: 9/9
  6873 | D:8      | Found an opulent altar of Gozag.
  7208 | D:9      | Found a staircase to the Lair.
  7635 | D:9      | Found Lewnep's Magic Scroll Shop.
  7642 | D:9      | Bought a scroll of vulnerability for 52 gold pieces
  7642 | D:9      | Bought a scroll of fear for 52 gold pieces
  7642 | D:9      | Bought a scroll of magic mapping for 97 gold pieces
  7642 | D:9      | Bought a scroll of teleportation for 39 gold pieces
  7752 | D:10     | Entered Level 10 of the Dungeon
  7756 | D:10     | Paralysed by a hornet for 2 turns
  7759 | D:10     | Reached **** piety under Trog
  7946 | D:10     | Found a sparkling altar of Nemelex Xobeh.
  7975 | D:10     | Noticed a two-headed ogre
  7984 | D:10     | Killed a two-headed ogre
  7985 | D:10     | Reached skill level 10 in Maces & Flails
  7985 | D:10     | Reached skill level 5 in Throwing
  8264 | D:10     | Noticed a two-headed ogre
  8282 | D:10     | Killed a two-headed ogre
  8927 | D:11     | Noticed a boulder beetle
  8937 | D:11     | Killed a boulder beetle
  8938 | D:11     | Reached XP level 11. HP: 117/117 MP: 10/10
  8984 | D:11     | Noticed Lodul
  9004 | D:11     | Killed Lodul
  9163 | D:11     | Found a staircase to the Orcish Mines.
  9370 | D:11     | Reached skill level 10 in Fighting
  9386 | D:11     | Identified the +3 plate armour of Hopscotch {Int+3}
  9402 | D:11     | Noticed a boulder beetle
  9411 | D:11     | Killed a boulder beetle
  9412 | D:11     | Reached skill level 11 in Maces & Flails
  9706 | D:12     | Noticed Frances
  9712 | D:12     | Noticed a two-headed ogre
  9713 | D:12     | Killed Frances
  9854 | D:12     | Killed a two-headed ogre
 10164 | D:12     | Noticed a purple ugly thing
 10170 | D:12     | Killed a purple ugly thing
 10566 | D:13     | Noticed a boulder beetle
 10573 | D:13     | Killed a boulder beetle
 10623 | D:13     | Noticed a centaur warrior
 10631 | D:13     | Killed a centaur warrior
 10632 | D:13     | Reached XP level 12. HP: 99/128 MP: 11/11
 10869 | D:13     | Reached skill level 12 in Maces & Flails
 11005 | D:13     | Killed from afar by a hell knight

Illustrated notes

Levels and vault maps discovered:
D:1:      eino_arrival_cavern_b, layout_basic
D:2:      layout_basic, ebering_ecumenical_altar_petrified, basic_altar,
          uniq_terence
D:3:      layout_rooms, nicolae_overflow_two_pavilions
D:4:      cheibrodos_thug_alley, layout_basic
D:5:      layout_cave_pools, minmay_temple_entry_sparse_star,
          amcnicky_mini_pool_medium, uniq_pikel
D:6:      layout_loops_corners, gammafunk_temple_overflow_pools
D:7:      minmay_skewed_foursquare, layout_basic, lemuel_crystal_altar,
          serial_aquarium, aquarium_bridge_straight [aquarium_subvault_bridge,
          aquarium_subvault_window, aquarium_subvault_bridge,
          aquarium_subvault_wall], aquarium_bridge_square
          [aquarium_subvault_bridge, aquarium_subvault_bridge,
          aquarium_subvault_bridge, aquarium_subvault_bridge],
          aquarium_window_1, aquarium_window_1, aquarium_window_1,
          aquarium_view_2e, aquarium_balcony_3b, hellmonk_bongcloud_opening,
          minmay_crossroads
D:8:      layout_rooms, nicolae_gozag_cash_rules_everything_around_me
D:9:      layout_irregular_city, dpeg_oklobed_lair, serial_shops, shop,
          minmay_crystal_water
D:10:     layout_irregular_city, nemelex_altar_shiori,
          hangedman_abyss_or_decor_stagger, minivault_19
D:11:     layout_long_grid, hiddenorc1_lemuel, minivault_14, uniq_lodul
D:12:     layout_roguey, item_on_display_a, uniq_frances
D:13:     layout_rooms, hangedman_vaults_entry_quadrant_bands,
          minmay_rotating_lava, uniq_urug

Skill      XL: |  1  2  3  4  5  6  7  8  9 10 11 12 |
---------------+-------------------------------------+-----
Maces & Flails | 3 4 5 6 8 9 10 11 12 | 12.0
Fighting       | 3 4 5 6 7 8 9 10 11 | 11.0
Throwing       | 3 6 8 |  8.5
Dodging        | |  2.4

Action                   |  1- 3 |  4- 6 |  7- 9 | 10-12 || total
-------------------------+-------+-------+-------+-------++-------
Melee: Mace              |   109 |       |       |       ||   109
       Flail             |     4 |   164 |   263 |       ||   431
       Punch             |       |     1 |       |       ||     1
       Morningstar       |       |       |    90 |    78 ||   168
       Giant spiked club |       |       |       |   200 ||   200
Throw: Dart              |       |       |       |    18 ||    18
       Boomerang         |       |       |       |     5 ||     5
       Javelin           |       |       |       |     4 ||     4
       Large rock        |       |       |       |     2 ||     2
Invok: Berserk           |     1 |     4 |    13 |    12 ||    30
       Trog's Hand       |       |     1 |     5 |     3 ||     9
  Use: Potion            |     1 |       |     1 |     4 ||     6
       Scroll            |       |       |       |    20 ||    20
 Stab: Sleeping          |       |     1 |       |       ||     1
Armor: Animal skin       |    58 |    77 |    56 |       ||   191
       Robe              |       |       |    35 |    37 ||    72
       Acid dragon scale |       |       |       |   115 ||   115
Dodge: Dodged            |    85 |   120 |   192 |   135 ||   532

Table legend: (Time is in decaauts)
 A = Elapsed time spent in this place.
 B = Non-inter-level travel time spent in this place.
 C = Inter-level travel time spent in this place.
 D = Time resting spent in this place.
 E = Time spent auto-exploring this place.
 F = Levels seen in this place.
 G = Mean time per level.
                   A        B        C        D        E       F      G
               +--------+--------+--------+--------+--------+-----+--------+
         Total |  11353 |  11025 |    328 |   1811 |   6702 |  13 |  873.3 |
       Dungeon |  11353 |  11025 |    328 |   1811 |   6702 |  13 |  873.3 |
               +--------+--------+--------+--------+--------+-----+--------+

Top non-repeatable levels by time:
     D:7: 1620 daAuts
     D:4: 1236 daAuts
     D:6: 1171 daAuts
    D:11: 1167 daAuts
     D:2: 1135 daAuts
    D:10: 962 daAuts
    D:12: 777 daAuts
     D:5: 664 daAuts
     D:9: 636 daAuts
     D:1: 568 daAuts
     D:8: 502 daAuts
    D:13: 464 daAuts
     D:3: 448 daAuts
